 Dungeon Crawl Stone Soup version 0.30.1-4-g462c640d31 (webtiles) character file.

Game seed: 11097446047179253312

15120 spardeous the Destroyer (level 11, -4/74 HPs)
             Began as a Demigod Conjurer on Aug 15, 2023.
             Slain by a boulder beetle (20 damage)
             ... on level 11 of the Dungeon.
             The game lasted 00:21:53 (12665 turns).

spardeous the Destroyer (Demigod Conjurer)         Turns: 12665, Time: 00:21:53

Health: -4/74      AC:  7    Str: 18    XL:     11   Next: 66%
Magic:  5/28       EV: 12    Int: 32    God:
Gold:   720        SH:  0    Dex: 12    Spells: 20/27 levels left

rFire   + + .        R - +2 hand axe of the Endless Expanse {vamp, rPois rF+ Str+2 Int+2}
rCold   . . .        (no shield)
rNeg    . . .        l - +0 ring mail
rPois   +            n - +0 helmet
rElec   .            G - +0 cloak
rCorr   .            (no gloves)
SInv    .            (no boots)
Will    +....        p - amulet of the Breathing Gods {RegenMP rF+ Int+6}
Stlth   +            j - ring of poison resistance
HPRegen 0.32/turn    (no ring)
MPRegen 0.61/turn

%: no passive effects
@: no status effects
A: high MP 1, forlorn, divine attributes
a: no special abilities


You were on level 11 of the Dungeon.
You visited 1 branch of the dungeon, and saw 11 of its levels.
You also visited: Sewer.

You collected 1155 gold pieces.
You spent 435 gold pieces at shops.

Inventory:

Hand Weapons
 y - a +2 dagger of protection
 R - the +2 hand axe of the Endless Expanse (weapon) {vamp, rPois rF+ Str+2 Int+2}
   (You bought it in a shop on level 11 of the Dungeon)

   Str:       It affects your strength (+2).
   Int:       It affects your intelligence (+2).
   rF:        It protects you from fire.
   rPois:     It protects you from poison.
Missiles
 D - a throwing net
Armour
 l - a +0 ring mail (worn)
 n - a +0 helmet (worn)
 G - a +0 cloak (worn)
 M - a +0 kite shield
 O - a +0 hat of willpower
Jewellery
 d - a ring of ice
 j - a ring of poison resistance (left hand)
 p - the amulet of the Breathing Gods (around neck) {RegenMP rF+ Int+6}
   (You found it on level 3 of the Dungeon)

   [amulet of magic regeneration]

   It increases your rate of magic regeneration.
   Int:       It affects your intelligence (+6).
   rF:        It protects you from fire.
Wands
 u - a wand of iceblast (24)
 x - a wand of polymorph (13)
 F - a wand of digging (11)
 H - a wand of light (12)
 K - a wand of flame (13)
Scrolls
 b - a scroll of summoning {unknown}
 e - 4 scrolls of poison {unknown}
 g - 2 scrolls of enchant armour {unknown}
 h - a scroll of vulnerability {unknown}
 i - 4 scrolls of teleportation {unknown}
 k - 2 scrolls of fear {unknown}
 m - 2 scrolls of amnesia {unknown}
 s - 5 scrolls of identify {unknown}
 t - 4 scrolls of magic mapping
 v - 2 scrolls of acquirement {unknown}
 w - 2 scrolls of noise {unknown}
 z - 3 scrolls of enchant weapon {unknown}
 B - 4 scrolls of fog {unknown}
 I - 2 scrolls of blinking {unknown}
 J - a scroll of immolation {unknown}
 L - 2 scrolls of torment {unknown}
 N - a scroll of silence {unknown}
Potions
 a - 2 potions of lignification
 c - a potion of curing
 f - 3 potions of attraction {unknown}
 o - 2 potions of berserk rage {unknown}
 q - a potion of haste {unknown}
 r - 3 potions of mutation
 A - a potion of resistance {unknown}
 C - 2 potions of invisibility
 E - 4 potions of might
 P - 2 potions of brilliance {unknown}
 Q - a potion of heal wounds {unknown}


   Skills:
 - Level 5.2 Dodging
 - Level 1.7 Stealth
 + Level 8.9 Spellcasting
 - Level 11.0 Conjurations
 - Level 10.3 Translocations


You had 20 spell levels left.
You knew the following spells:

 Your Spells              Type           Power      Damage    Failure   Level
a - Magic Dart            Conj           100%       1d8       1%          1
b - Searing Ray           Conj           100%       2d8       1%          2
c - Iskenderun's Mystic   Conj/Tloc      70%        2d14      1%          4

Your spell library contained the following spells:

 Spells                   Type           Power      Damage    Failure   Level
 Static Discharge         Conj/Air       98%        2-7/arc   1%          2
 Dazzling Flash           Conj/Hex       98%        N/A       1%          3
 Fulminant Prism          Conj/Hex       24%        3d12      6%          4
 Frozen Ramparts          Ice            28%        1d5       19%         3
 Airstrike                Air            7%         2d(1-17)  52%         4
 Ice Form                 Ice/Tmut       14%        N/A       52%         4
 Summon Ice Beast         Ice/Summ       14%        N/A       52%         4
 Summon Lightning Spire   Summ/Air       14%        N/A       52%         4
 Summon Mana Viper        Hex/Summ       14%        N/A       86%         5
 Monstrous Menagerie      Summ           7%         N/A       100%        7
 Storm Form               Tmut/Air       7%         N/A       100%        7
 Maxwell's Capacitive Co  Air            7%         ∞         100%        8


Dungeon Overview and Level Annotations

Branches:
Dungeon (11/15)            Temple (0/1) D:5            Lair (0/5) D:9
  Sewer (visited)
    Orc: D:9-12

Shops:
D:2 *   D:8 :   D:10 (   D:11 !(

Annotations:
D:10 2 transporters


Innate Abilities, Weirdness & Mutations

You have an increased reservoir of magic. (+10% MP)
You shall have no god before yourself.
Your divine heritage dramatically boosts your attributes as you level up.


Message History

The boulder beetle bites you!!
The boulder beetle curls into a ball and begins rolling!
Items here: )))) [.
You take 18 damage, and have 49/74 hp.
MASSIVE DAMAGE!!
Things that are here:
a +0 chain mail; a +0 club The boulder beetle attacks as you move away!
The boulder beetle hits you.
The boulder beetle stops rolling and uncurls.
You take 3 damage, and have 46/74 hp.
The boulder beetle attacks as you move away!
The boulder beetle bites you!!
* * * LOW HITPOINT WARNING * * *
You take 18 damage, and have 28/74 hp.
MASSIVE DAMAGE!!
Casting: Iskenderun's Mystic Blast (dangerous; 1% risk of failure)
Confirm with . or Enter, or press ? or * to list all spells.
You erupt in a blast of force!
The mystic blast hits the boulder beetle!!
The boulder beetle is heavily wounded.
The boulder beetle is knocked back by the mystic blast.
The boulder beetle slams into the rock wall!
The boulder beetle bites you.
* * * LOW HITPOINT WARNING * * *
You take 4 damage, and have 24/74 hp.
You now have 2/28 mp.
Okay, then.
You feel better. The boulder beetle bites you!
* * * LOW HITPOINT WARNING * * *
You take 4 damage, and have 20/74 hp.
The boulder beetle attacks as you move away!
The boulder beetle closely misses you.
The boulder beetle waves its antennae.
The boulder beetle attacks as you move away!
The boulder beetle bites you!!
* * * LOW HITPOINT WARNING * * *
You take 19 damage, and have 2/74 hp.
MASSIVE DAMAGE!!
You feel better. The boulder beetle barely misses you.
You regained 6 hp, and now have 8/74 hp.
Okay, then.
You feel better. The boulder beetle bites you!!
You die...

#..#
###..#..)[..#####..####..
#..# ##.>[°°....##....#
### ..#
#..####....#.#..#### # .#
##..## ##....∩..##..##
.## ##....#
##..#.#.#....## ..#
###.....## ##.......>...#
..######........##
##...........
..........##....B#
#...........
........######..@##
#..#........ .......##
##...####...........
..#....#
##.................
..#...##
##.....####.......
#....## ##.##.# ####.###
.##.## #.....## ... #####
#.#.###.# ## ##### ###


You could see a boulder beetle.

Vanquished Creatures
  Gastronok (D:8)
  A centaur warrior (D:11)
  3 two-headed ogres
  A boulder beetle (D:11)
  Urug (D:10)
  Lodul (D:10)
  Pikel (D:6)
  2 cyclopes (D:11)
  An unseen horror (D:11)
  A komodo dragon (D:10)
  A yaktaur (D:11)
  A meliai (D:11)
  2 hornets (D:7)
  3 trolls (D:11)
  A slime creature (D:11)
  2 wraiths
  3 wyverns
  14 yaks
  Eustachio (D:6)
  A steam dragon (D:9)
  Menkaure (D:6)
  An acid dragon (D:11)
  A water moccasin (D:6)
  2 orc warriors
  A black bear (D:5)
  2 ice beasts
  11 ogres
  3 centaurs
  A kobold brigand (Sewer)
  3 lemures (D:6)
  A phantom (D:7)
  A scorpion (D:4)
  2 bullfrogs
  A gnoll sergeant (D:9)
  9 wights
  4 howler monkeys
  3 hounds
  A jelly (D:5)
  3 orc priests
  Crazy Yiuf (D:2)
  2 sleepcaps
  3 iguanas
  5 orc wizards
  Robin (D:3)
  6 gnolls
  13 adders
  2 river rats (Sewer)
  A shadow imp (D:8)
  2 white imps
  An ufetubus (D:5)
  A worm (D:2)
  2 dart slugs (D:2)
  21 orcs
  11 ball pythons
  6 endoplasms
  A giant cockroach (D:1)
  13 goblins
  12 hobgoblins
  4 jackals
  5 quokkas
  2 bats
  11 frilled lizards
  11 kobolds
  12 rats
242 creatures vanquished.

Notes
Turn   | Place    | Note
-------+----------+-------------------------------------------
     0 | D:1      | spardeous the Demigod Conjurer began the quest for the Orb.
     0 | D:1      | Reached XP level 1. HP: 14/14 MP: 5/5
   320 | D:1      | Reached XP level 2. HP: 20/20 MP: 5/7
   504 | D:1      | Reached skill level 4 in Conjurations
   961 | D:2      | Reached XP level 3. HP: 26/26 MP: 1/9
  1066 | D:2      | Found Acwigefy's General Store.
  1399 | D:2      | Found a runed translucent door.
  1400 | D:2      | Noticed Crazy Yiuf
  1957 | D:2      | Learned a level 2 spell: Searing Ray
  1959 | D:2      | Reached XP level 4. HP: 33/33 MP: 8/11
  2463 | D:3      | Identified the amulet of the Breathing Gods {RegenMP rF+
                  | Int+6}
  2562 | D:3      | Noticed Robin
  2606 | D:3      | Killed Robin
  3009 | D:3      | Learned a level 4 spell: Iskenderun's Mystic Blast
  3104 | D:4      | Reached skill level 5 in Conjurations
  3104 | D:4      | Reached XP level 5. HP: 35/38 MP: 7/13
  3484 | D:4      | Noticed an ogre
  3491 | D:4      | Killed an ogre
  3492 | D:4      | Reached skill level 6 in Conjurations
  3492 | D:4      | Reached XP level 6. HP: 45/45 MP: 8/14
  3597 | D:5      | Entered Level 5 of the Dungeon
  3603 | D:5      | Reached skill level 1 in Translocations
  3815 | D:5      | Reached XP level 7. HP: 50/50 MP: 8/15
  4088 | D:5      | Reached skill level 5 in Translocations
  4131 | D:5      | Found a staircase to the Ecumenical Temple.
  4207 | D:6      | Found a glowing drain.
  4234 | Sewer    | Entered a sewer
  5117 | D:6      | Reached skill level 7 in Conjurations
  5173 | D:6      | Noticed Eustachio
  5174 | D:6      | Noticed Menkaure
  5183 | D:6      | Reached XP level 8. HP: 57/57 MP: 12/16
  5189 | D:6      | Killed Eustachio
  5193 | D:6      | Killed Menkaure
  5194 | D:6      | Reached skill level 8 in Conjurations
  5556 | D:6      | Noticed Pikel
  5574 | D:6      | Killed Pikel
  5575 | D:6      | Reached skill level 9 in Conjurations
  6135 | D:2      | Killed Crazy Yiuf
  6262 | D:2      | Bought a scroll of magic mapping for 75 gold pieces
  6262 | D:2      | Bought a potion of might for 40 gold pieces
  6262 | D:2      | Bought a potion of lignification for 30 gold pieces
  6262 | D:2      | Bought a potion of mutation for 80 gold pieces
  6262 | D:2      | Bought a potion of degeneration for 10 gold pieces
  6376 | D:7      | Reached XP level 9. HP: 62/62 MP: 14/17
  6377 | D:7      | Reached skill level 10 in Conjurations
  6668 | D:7      | Reached skill level 11 in Conjurations
  7378 | D:8      | Found Verracys's Tiny Tomes.
  7670 | D:8      | Noticed Gastronok
  8053 | D:9      | Reached XP level 10. HP: 25/69 MP: 4/18
  8526 | D:9      | Noticed a two-headed ogre
  8532 | D:9      | Killed a two-headed ogre
  8702 | D:9      | Found a staircase to the Lair.
  8895 | D:10     | Entered Level 10 of the Dungeon
  8923 | D:10     | Noticed Urug
  9093 | D:8      | Killed Gastronok
  9094 | D:8      | Reached skill level 5 in Spellcasting
  9253 | D:10     | Found Xihucin's Weapon Shop.
  9677 | D:10     | Found a transporter.
  9677 | D:10     | Noticed a boulder beetle
  9678 | D:10     | Found a transporter.
  9792 | D:10     | Killed Urug
  9793 | D:10     | Reached skill level 5 in Dodging
  9940 | D:10     | Reached XP level 11. HP: 74/74 MP: 16/22
  9943 | D:10     | Reached skill level 10 in Translocations
 10027 | D:10     | Noticed Lodul
 10036 | D:10     | Killed Lodul
 10469 | D:11     | Noticed a centaur warrior
 10482 | D:11     | Killed a centaur warrior
 10689 | D:11     | Noticed a seven-headed hydra
 10887 | D:11     | Found Awowiewn's Distillery.
 11025 | D:11     | Noticed a boulder beetle
 11069 | D:11     | Found Jela's Antique Weapon Emporium.
 11078 | D:11     | Bought an ancient hand axe for 200 gold pieces
 11078 | D:11     | Identified the +2 hand axe of the Endless Expanse {vamp,
                  | rPois rF+ Str+2 Int+2} (You bought it in a shop on level 11
                  | of the Dungeon)
 11343 | D:11     | Noticed a two-headed ogre
 11351 | D:11     | Killed a two-headed ogre
 11747 | D:11     | Noticed a boulder beetle
 11798 | D:11     | Killed a boulder beetle
 11856 | D:11     | Noticed a two-headed ogre
 11858 | D:11     | Noticed a boulder beetle
 11860 | D:11     | Killed a two-headed ogre
 12663 | D:11     | HP: 2/74 [boulder beetle (19)]
 12665 | D:11     | Slain by a boulder beetle

Illustrated notes

Levels and vault maps discovered:
D:1:      lightli_arrival_lavapool, layout_rooms, shapermc_ecumenical_altar_gd,
          minivault_26
D:2:      minmay_angry_zag, layout_loops_ring, serial_shops,
          nicolae_shop_temple_entry_statues_fountains, uniq_crazy_yiuf_cottage
D:3:      layout_rooms, mainiacjoe_overflow_paths,
          nicolae_overflow_hidden_temple, uniq_robin
D:4:      layout_gridville
D:5:      layout_rooms, temple_statues, kennysheep_another_room,
          grunt_ministairs_2, hangedman_feature_mirror
D:6:      layout_loops_ring, bloody_trog, lemuel_round_altar,
          cheibrodos_sewer_entry_sluice, hex_large, uniq_pikel, uniq_eustachio,
          uniq_menkaure
D:7:      layout_cave_pools
D:8:      layout_loops_ring, nicolae_shop_i_like_small_books_too, uniq_gastronok
D:9:      layout_long_grid, kennysheep_little_box, lair_entry_dummy
D:10:     gammafunk_boulding_lane, layout_basic, serial_shops,
          nicolae_shop_bloodbath_and_beyond, uniq_urug, uniq_lodul
D:11:     minmay_the_grid_square_5x5_5x5 [minmay_the_grid_square_5x5_corner,
          minmay_the_grid_square_5x5_beaten_path,
          minmay_the_grid_square_5x5_three,
          minmay_the_grid_square_5x5_broken_cross,
          minmay_the_grid_square_5x5_dogpile,
          minmay_the_grid_square_5x5_two_small,
          minmay_the_grid_square_5x5_prize_snowflake,
          minmay_the_grid_square_5x5_detours,
          minmay_the_grid_square_5x5_prize_deathbox,
          minmay_the_grid_square_5x5_comb, minmay_the_grid_square_5x5_checkered,
          minmay_the_grid_square_5x5_forky,
          minmay_the_grid_square_5x5_prize_itemx,
          minmay_the_grid_square_5x5_empty, minmay_the_grid_square_5x5_two,
          minmay_the_grid_square_5x5_shrine1,
          minmay_the_grid_square_5x5_prize_open,
          minmay_the_grid_square_5x5_six_small,
          minmay_the_grid_square_5x5_prize_pseudospiral,
          minmay_the_grid_square_5x5_spiral, minmay_the_grid_square_5x5_z,
          minmay_the_grid_square_5x5_three_small,
          minmay_the_grid_square_5x5_percent,
          minmay_the_grid_square_5x5_tri_point,
          minmay_the_grid_square_5x5_shuriken], layout_layer_cave, serial_shops,
          nicolae_shop_crystal, nicolae_lakefront_shop,
          nicolae_shop_hallway_stairs

Skill      XL: |  1  2  3  4  5  6  7  8  9 10 11 |
---------------+----------------------------------+-----
Spellcasting   | 2 3 5 8 |  8.9
Conjurations   | 4 5 6 7 9 11 | 11.0
Translocations | 4 5 8 9 10 | 10.3
Dodging        | 5 |  5.2
Stealth        | |  1.7

Action                     |  1- 3 |  4- 6 |  7- 9 | 10-12 || total
---------------------------+-------+-------+-------+-------++-------
  Melee: Short sword       |       |       |    36 |     9 ||    45
         Punch             |       |       |     1 |       ||     1
         Hand axe          |       |       |       |     3 ||     3
   Cast: Magic Dart        |    88 |    76 |    76 |       ||   240
         Searing Ray       |       |    17 |    39 |    14 ||    70
         Iskenderun's Myst |       |       |    42 |   160 ||   202
    Use: Potion            |       |       |     1 |     6 ||     7
 Armour: Robe              |     1 |       |       |       ||     1
         Ring mail         |     1 |    17 |    17 |    16 ||    51
  Dodge: Dodged            |     7 |    15 |    43 |    43 ||   108
